[Event "2. Online Aktivschach WM"]
[Site "Achtelfinale S5 / Chessgate"]
[Date "2006.03.04"]
[Round "3"]
[White "Atlanta, Mephisto"]
[Black "Mach IV, Fidelity"]
[Result "1-0"]
[ECO "D02"]
[WhiteElo "2232"]
[BlackElo "2177"]
[PlyCount "127"]
[TimeControl "36000+60"]

1. d4 d5 2. Nf3 Nf6 3. Bf4 c5 4. c3 Qb6 5. Qb3 Nc6 6. Na3 Qa5 7. Qb5 Qd8 8. Ne5
cxd4 9. cxd4 Nh5 10. Bd2 a6 11. Nxc6 Qd6 12. Nc4 dxc4 13. Qxh5 Qxc6 14. e3 g6
15. Qc5 Qxc5 16. dxc5 e5 17. Bxc4 Bxc5 18. Rc1 Bd6 19. Bc3 O-O 20. Ke2 Rb8 21.
Rhd1 b5 22. Rxd6 bxc4 23. Bxe5 Rb5 24. Bc3 Bb7 25. f3 Rh5 26. h3 Rg5 27. g4 Rd5
28. Rxd5 Bxd5 29. Rd1 Be6 30. Rd6 Ra8 31. f4 Kf8 32. e4 Ke7 33. Bb4 Ke8 34. Ke3
c3 35. bxc3 Bxa2 36. Kd4 a5 37. Ba3 Be6 38. c4 Rc8 39. c5 Bd7 40. Ra6 a4 41.
Ke5 Bc6 42. Ra7 Ra8 43. Rc7 Ra6 44. Rc8+ Kd7 45. Rf8 Ke7 46. Rh8 h6 47. Rxh6
Ra8 48. f5 Re8 49. Kf4 Kd7 50. e5 g5+ 51. Kxg5 Rxe5 52. Bb4 Re4 53. Rd6+ Kc7
54. Ba5+ Kb7 55. Kf6 Rc4 56. Kxf7 Rxc5 57. Be1 a3 58. Rd1 a2 59. Ra1 Bb5 60.
Ke6 Bc4+ 61. Kf6 Rb5 62. h4 Kc6 63. h5 Rb6 64. h6 1-0

[Event "2. Online Aktivschach WM"]
[Site "Halbfinale 1 / Chessgate"]
[Date "2006.04.09"]
[Round "3"]
[White "R30 V2.2, TASC."]
[Black "Atlanta, Mephisto"]
[Result "0-1"]
[ECO "B51"]
[WhiteElo "2405"]
[BlackElo "2232"]
[PlyCount "192"]
[TimeControl "36000"]

1. e4 c5 2. Nf3 d6 3. Bb5+ Nc6 4. O-O Bg4 5. h3 Bh5 6. c3 Qb6 7. Ba4 O-O-O 8.
d3 Ne5 9. g4 Nxf3+ 10. Qxf3 Bg6 11. Na3 e6 12. Nc4 Qa6 13. Bc2 h5 14. Re1 hxg4
15. hxg4 Ne7 16. Bf4 Nc6 17. a4 Be7 18. Bg3 Rh3 19. Kg2 Rh7 20. Qe3 d5 21. exd5
exd5 22. Ne5 Nxe5 23. Bxe5 Bd6 24. Rad1 Re8 25. Qg3 Rxe5 26. Rxe5 Qc6 27. f3
Qc7 28. f4 Bxe5 29. fxe5 Kd7 30. Re1 Qb6 31. b3 d4 32. cxd4 cxd4 33. Qf3 Ke6
34. Re2 Rh8 35. Kg1 Rc8 36. a5 Qc6 37. Qg3 Qc3 38. Qf3 Rc7 39. Qh3 Qa1+ 40. Kh2
Rc8 41. Qf3 Rb8 42. Qf2 Qc3 43. Qf3 Qxa5 44. Kg2 Qa1 45. Qh3 Rc8 46. Qf3 Qa2
47. Qf2 Qb2 48. Bd1 Qc3 49. Rc2 Qxd3 50. Rxc8 Qxd1 51. Qf4 Qe2+ 52. Kh3 Qe3+
53. Qxe3 dxe3 54. Kg3 Bd3 55. Re8+ Kd7 56. Rf8 Ke7 57. Rg8 g6 58. Kf3 e2 59.
Kf2 a5 60. Rc8 Ke6 61. Rc3 Ba6 62. Re3 Bb5 63. Rf3 b6 64. Re3 Ba6 65. Ke1 Kd5
66. Kd2 Bc8 67. Kxe2 Bxg4+ 68. Kf2 Kd4 69. Rg3 Be6 70. Ke2 Kxe5 71. Re3+ Kd4
72. Rg3 b5 73. Kd2 f5 74. b4 axb4 75. Rxg6 Bc4 76. Rd6+ Bd5 77. Rb6 Kc4 78. Rh6
Be4 79. Kc1 Kc3 80. Rh4 b3 81. Rh2 f4 82. Rf2 f3 83. Rd2 b4 84. Rh2 Bd3 85.
Rc2+ Kd4 86. Rh2 Ke3 87. Kb2 Bc4 88. Rh4 f2 89. Rxc4 f1=Q 90. Rxb4 Qf6+ 91.
Kxb3 Kd3 92. Ka2 Kc3 93. Rb3+ Kc2 94. Ka3 Qa1+ 95. Kb4 Qd4+ 96. Kb5 Kxb3 0-1